 Dungeon Crawl Stone Soup version 0.31-a0-83-gbff143cfd1 (webtiles) character file.

Game seed: 11403665296882358950

368 voltaire321 the Ducker (level 6, -14/46 HPs)
             Began as a Merfolk Venom Mage on May 24, 2023.
             Demolished by an ogre
             ... wielding a +0 giant spiked club
              (26 damage)
             ... on level 5 of the Dungeon.
             The game lasted 00:12:31 (3971 turns).

voltaire321 the Ducker (Merfolk Venom Mage)         Turns: 3971, Time: 00:12:32

Health: -14/46     AC:  4    Str: 10    XL:     6   Next: 69%
Magic:  9/10       EV: 13    Int: 14    God:
Gold:   277        SH:  0    Dex: 15    Spells: 6/11 levels left

rFire   + . .        q - +3 whip (freeze)
rCold   + . .        (no shield)
rNeg    . . .        k - +0 leather armour
rPois   .            (no helmet)
rElec   .            o - scarf {rC+ rF+}
rCorr   +            (no gloves)
SInv    .            s - +0 pair of boots
Will    .....        (no amulet)
Stlth   ++           n - ring of resist corrosion
HPRegen 0.27/turn    (no ring)
MPRegen 0.12/turn

%: no passive effects
@: no status effects
A: (nimble swimmer 2), mertail
a: no special abilities


You were on level 5 of the Dungeon.
You visited 1 branch of the dungeon, and saw 5 of its levels.

You collected 277 gold pieces.

Inventory:

Hand Weapons
 h - a +2 short sword of draining
 q - a +3 whip of freezing (weapon)
Armour
 k - a +0 leather armour (worn)
 o - a scarf of resistance (worn)
 s - a +0 pair of boots (worn)
Jewellery
 n - a ring of resist corrosion (left hand)
Wands
 r - a wand of charming (19)
Scrolls
 a - a scroll of butterflies {unknown}
 c - 2 scrolls of identify
 d - 2 scrolls of teleportation {unknown}
 f - a scroll of fog {unknown}
 g - a scroll of immolation {unknown}
 l - 2 scrolls of acquirement {unknown}
Potions
 b - a potion of magic
 e - a potion of might
 i - a potion of ambrosia
 j - 2 potions of lignification
 m - 4 potions of curing
 p - a potion of heal wounds
 t - a potion of brilliance
 u - a potion of enlightenment {unknown}


   Skills:
 + Level 2.9 Fighting
 + Level 1.8 Armour
 + Level 4.8 Dodging
 - Level 2.1 Stealth
 + Level 3.2 Spellcasting
 - Level 2.0 Transmutations
 + Level 4.5 Poison Magic


You had 6 spell levels left.
You knew the following spells:

 Your Spells              Type           Power      Damage    Failure   Level
a - Sting                 Tmut/Pois      40%        1d5       9%          1
b - Olgreb's Toxic Radia  Pois           14%        N/A       38%         4

Your spell library contained the following spells:

 Spells                   Type           Power      Damage    Failure   Level
 Poisonous Vapours        Pois/Air       14%        N/A       19%         2
 Mephitic Cloud           Conj/Pois/Air  4%         N/A       50%         3


Dungeon Overview and Level Annotations

Branches:
Dungeon (5/15)
 Temple: D:4-7

Altars:
Kikubaaqudgha
Sif Muna
Trog
Vehumet


Innate Abilities, Weirdness & Mutations

((You are very nimble when in or above water. (Stealth+, EV+, Speed+++)))
Your lower body shifts to a powerful aquatic tail in water.


Message History

An ogre comes into view. It is wielding a +0 giant spiked club.
Found a dagger.
Found a bloodstained altar of Trog.
The ogre shouts!
The ogre barely misses you. The phantom hits you.
The phantom blinks!
You blink.
The ogre moves out of view.
You whack the phantom!
The phantom is heavily damaged.
The phantom barely misses you.
You hit the phantom.
The phantom is severely damaged.
The phantom misses you.
You miss the phantom.
The phantom is severely damaged.
The phantom hits you.
The phantom blinks!
You blink.
You hit the phantom.
The phantom is almost destroyed.
The phantom hits you but does no damage.
You whack the phantom!
You destroy the phantom!
The ogre barely misses you.
Aiming: Sting (safe; 9% risk of failure)
Press: ? - help, Q - select action, (/) - cycle Shift-Dir - straight line, f - ogre
Aim: an ogre, wielding a +0 giant spiked club (86% to hit)
The sting hits the ogre.
The ogre is poisoned.
The ogre is lightly wounded.
You closely miss the ogre.
The ogre is lightly wounded.
The ogre misses you.
You hit the ogre. You freeze the ogre.
The ogre is moderately wounded.
The ogre hits you with a +0 giant spiked club!!
Ouch! That really hurt!
* * * LOW HITPOINT WARNING * * *
You hit the ogre. You freeze the ogre.
The ogre is heavily wounded.
You hit the ogre. You freeze the ogre.
The ogre is severely wounded.
The ogre hits you with a +0 giant spiked club!!
Ouch! That really hurt!
You die...

....## .....
.... ... #..
. #.# ..
#)## _..
#<.####..
##@#... ..
#O#.##.....
#..........
##.#####....
#..###......
#...........
#...........
#...##......
#...# .....


You could see an ogre (poisoned).

Vanquished Creatures
  A phantom (D:5)
  A jelly (D:4)
  An orc priest (D:4)
  A sleepcap (D:4)
  An orc wizard (D:3)
  2 adders (D:3)
  3 gnolls (D:5)
  A shadow imp (D:4)
  4 dart slugs
  10 orcs
  9 ball pythons
  7 bats
  10 endoplasms
  A giant cockroach (D:2)
  10 goblins
  9 hobgoblins
  9 jackals
  12 kobolds
  3 quokkas
  5 frilled lizards
  8 rats
108 creatures vanquished.

Notes
Turn   | Place    | Note
-------+----------+-------------------------------------------
     0 | D:1      | voltaire321 the Merfolk Venom Mage began the quest for the
                  | Orb.
     0 | D:1      | Reached XP level 1. HP: 13/13 MP: 3/3
    84 | D:1      | Reached XP level 2. HP: 20/20 MP: 1/5
   450 | D:1      | Reached XP level 3. HP: 25/25 MP: 4/6
   556 | D:1      | Reached skill level 1 in Fighting
  1427 | D:2      | Reached XP level 4. HP: 31/32 MP: 7/7
  1852 | D:2      | You fall into a shaft and drop 2 floors!
  1907 | D:2      | Learned a level 4 spell: Olgreb's Toxic Radiance
  2139 | D:3      | Reached skill level 1 in Armour
  2264 | D:3      | Reached XP level 5. HP: 14/38 MP: 7/9
  2675 | D:3      | Upgraded the game from 0.31-a0-75-g6fe912e8c5 to
                  | 0.31-a0-83-gbff143cfd1
  3411 | D:4      | Reached XP level 6. HP: 31/46 MP: 5/10
  3516 | D:4      | Found an ancient bone altar of Kikubaaqudgha.
  3696 | D:4      | Found a shimmering blue altar of Sif Muna.
  3698 | D:4      | Found a radiant altar of Vehumet.
  3875 | D:4      | Noticed an orc warrior
  3935 | D:5      | Entered Level 5 of the Dungeon
  3960 | D:5      | Found a bloodstained altar of Trog.
  3971 | D:5      | Demolished by an ogre

Illustrated notes

Levels and vault maps discovered:
D:1:      dpeg_arrival_shrine, layout_loops_ring
D:2:      layout_basic, corexii_item_surrounded_by_moat
D:3:      layout_loops_cross, dreamdust_wishing_well
D:4:      layout_loops_ring, grunt_temple_overflow_magic_moments,
          pf_guarded_unrand_delatra
D:5:      layout_rooms, nemelex_spade_bored_becter, bloody_trog,
          nicolae_overflow_squiral

Skill      XL: |  1  2  3  4  5 |
---------------+----------------+-----
Dodging        | 3 4 |  4.8
Fighting       | 1 2 |  2.9
Transmutations | 2 |  2.0
Armour         | 1 |  1.8
Poison Magic   | 4 |  4.5
Spellcasting   | 3 |  3.2
Stealth        | |  2.1

Action                     |  1- 3 |  4- 6 || total
---------------------------+-------+-------++-------
  Melee: Whip              |     2 |    97 ||    99
         Short sword       |    57 |    15 ||    72
         Punch             |     1 |       ||     1
   Cast: Sting             |    42 |    69 ||   111
    Use: Scroll            |       |     5 ||     5
         Potion            |       |     2 ||     2
   Stab: Sleeping          |     2 |     2 ||     4
         Distracted        |     1 |       ||     1
 Armour: Robe              |    10 |       ||    10
         Leather armour    |     2 |    27 ||    29
         Skin              |       |     3 ||     3
  Dodge: Dodged            |    32 |   104 ||   136

Table legend: (Time is in decaauts)
 A = Elapsed time spent in this place.
 B = Non-inter-level travel time spent in this place.
 C = Inter-level travel time spent in this place.
 D = Time resting spent in this place.
 E = Time spent auto-exploring this place.
 F = Levels seen in this place.
 G = Mean time per level.
                   A        B        C        D        E       F      G
               +--------+--------+--------+--------+--------+-----+--------+
         Total |   3974 |   3898 |     76 |    684 |   2222 |   5 |  794.8 |
       Dungeon |   3974 |   3898 |     76 |    684 |   2222 |   5 |  794.8 |
               +--------+--------+--------+--------+--------+-----+--------+

Top non-repeatable levels by time:
     D:4: 1203 daAuts
     D:1: 1196 daAuts
     D:3: 800 daAuts
     D:2: 735 daAuts
     D:5: 38 daAuts
